AoeStats
← Blyad _Mann

Nomad

509451038Analyzed
4v4 RM · 6d ago on Sep 26, 2026· 44m 41s· 8 players
Game mode
Random Map
Map size
231×231
Population
200
Speed
Normal
Resources
Standard
Victory
Conquest
Starting age
Dark Age
Ending age
Imperial Age
RankedLock teamsTeams togetherTeam positionsShared explorationLock speedFull tech treeHidden civsTurbo modeCheats
Victory
Defeat
🇫🇷 Magyars · France
923
+15
🇬🇧 Tupi · United Kingdom
916
+16
🇬🇧 Varangians · United Kingdom
905
+16
🇫🇷 Bengalis · France
903
+16
🇳🇱 Varangians · Netherlands
938
-16
🇺🇸 Goths · United States
911
-16
🇲🇽 Wei · Mexico
910
-16
🇨🇱 Varangians · Chile
883
-15
LeCissé
4:22 Loom
13:38 Feudal Age
14:13 Double-Bit Axe
14:12 Horse Collar
16:18 Wheelbarrow
24:18 Castle Age
23:13 Bloodlines
24:08 Gold Mining
25:16 Scale Barding Armor
27:34 Bow Saw
33:18 Padded Archer Armor
34:39 Leather Archer Armor
43:19 Chain Barding Armor
44:41 Gold Shaft Mining
Boba Fett
10:49 Loom
16:23 Feudal Age
16:49 Double-Bit Axe
19:16 Gold Mining
19:17 Stone Mining
21:21 Wheelbarrow
20:32 Town Watch
21:26 Fishing Lines
22:05 Padded Archer Armor
22:47 Fletching
27:40 Castle Age
26:32 Scale Barding Armor
26:22 Arson
28:13 Horse Collar
28:45 Bow Saw
29:22 Gold Shaft Mining
29:42 Gillnets
30:01 Heavy Plow
31:15 Hand Cart
31:00 Town Patrol
33:12 Leather Archer Armor
35:52 Bodkin Arrow
36:19 Chain Barding Armor
39:14 Imperial Age
39:34 Devotion
39:37 Scale Mail Armor
39:47 Forging
39:53 Paiks
40:48 Coinage
41:44 Bracer
42:50 Chemistry
Hopsie7806
4:12 Loom
16:23 Feudal Age
16:49 Fishing Lines
17:18 Double-Bit Axe
17:28 Stone Mining
17:36 Stone Mining
17:47 Gold Mining
17:46 Horse Collar
18:49 Wheelbarrow
22:51 Castle Age
25:05 Fletching
25:18 Padded Archer Armor
25:18 Scale Mail Armor
26:01 Hand Cart
25:53 Gillnets
28:06 Gold Mining
28:29 Bow Saw
28:21 Heavy Plow
30:44 Bodkin Arrow
33:53 Medium Warships
34:21 Leather Archer Armor
36:18 Chain Mail Armor
39:36 Ballistics
gazza17
10:32 Loom
14:49 Feudal Age
20:19 Castle Age
20:22 Double-Bit Axe
20:22 Horse Collar
21:45 Bow Saw
22:39 Scale Barding Armor
22:53 Gold Mining
24:15 Forging
24:42 Husbandry
26:00 Wheelbarrow
28:22 Iron Casting
28:11 Heavy Plow
29:45 Hand Cart
29:43 Bloodlines
31:15 Chain Barding Armor
32:42 Fletching
36:17 Bodkin Arrow
36:51 Ballistics
40:42 Imperial Age
38:16 Stone Mining
39:43 Vendel Legacy
42:53 Conscription
43:35 Plate Barding Armor
44:01 Blast Furnace
42:27 Cavalier
44:33 Chemistry
43:24 Heated Shot
Quack Y Attack
8:07 Loom
14:12 Feudal Age
15:36 Double-Bit Axe
20:18 Castle Age
19:04 Horse Collar
19:17 Fishing Lines
22:16 Bow Saw
23:03 Scale Mail Armor
23:50 Stone Mining
23:50 Gold Mining
25:58 Wheelbarrow
25:24 Pikeman
27:07 Chain Mail Armor
27:02 Forging
28:15 Forging
32:05 Hand Cart
32:03 Squires
33:03 Anarchy
38:13 Town Watch
40:27 Fletching
44:02 Imperial Age
44:10 Halberdier
Rompe--Anos
3:33 Loom
17:03 Feudal Age
21:36 Castle Age
19:40 Horse Collar
20:55 Double-Bit Axe
26:19 Pikeman
29:43 Bow Saw
41:35 Imperial Age
43:31 Chemistry
Blyad _Mann
4:43 Loom
19:04 Feudal Age
19:35 Double-Bit Axe
19:43 Stone Mining
19:47 Gold Mining
19:52 Stone Mining
20:33 Horse Collar
24:29 Castle Age
22:59 Forging
22:49 Scale Mail Armor
23:06 Scale Mail Armor
26:00 Bow Saw
27:52 Iron Casting
27:32 Chain Mail Armor
27:59 Wheelbarrow
27:28 Squires
33:46 Gambesons
36:13 Chain Mail Armor
36:35 Hand Cart
37:28 Heavy Plow
38:41 Fletching
Maldotroid
5:09 Loom
16:06 Feudal Age
19:06 Double-Bit Axe
19:45 Bloodlines
24:09 Castle Age
22:16 Fishing Lines
23:03 Scale Barding Armor
24:20 Light Cavalry
26:35 Gillnets
28:41 Stone Mining
31:17 Husbandry
32:00 Fletching
34:31 Chain Barding Armor
37:26 Bodkin Arrow
39:00 Forging
40:34 Gold Mining
42:51 Horse Collar
46:57 Imperial Age
45:21 Stone Shaft Mining
45:00 Bow Saw
Connection lost

Rejoining the realm…

Still unreachable

The connection could not be restored.

Session expired

The server has moved on; the page needs a fresh start.